 Dungeon Crawl Stone Soup version 0.18-a0-1206-g2bec475 (webtiles) character file.

39 Banto the Ducker (level 3, 0/17 HPs)
             Began as a Felid Chaos Knight on Feb 2, 2016.
             Killed from afar by a starcursed mass (11 damage)
             ... with an accursed screaming
             ... on level 1 of the Abyss.
             The game lasted 00:03:56 (2881 turns).

Banto the Ducker (Felid Chaos Knight)               Turns: 2881, Time: 00:03:56

Health: 0/17       AC:  1    Str:  8      XL:     3   Next: 28%
Magic:  4/4        EV: 19    Int: 12 (13) God:    Xom [.*....]
Gold:   228        SH:  0    Dex: 16      Spells: 0 memorised, 2 levels left
                                        Lives:  0   Deaths: 1

rFire  . . .     SeeInvis +       - Unarmed
rCold  . . .     Gourm    .     (armour unavailable)
rNeg   . . .     Faith    .     (shield unavailable)
rPois  .         Spirit   .     (helmet unavailable)
rElec  .         Dismiss  .     (cloak unavailable)
rCorr  .         Reflect  .     (gloves unavailable)
SustAt .         Harm     .     (boots unavailable)
MR     .....                    d - amulet of rage
Stlth  ++........               (no ring)
                                (no ring)

@: quick, not resistant to hostile enchantments, unstealthy
A: no armour, no weapons or thrown items, claws 1, fangs 3, see invisible,
carnivore 3, speed 1, shaggy fur 1, slow metabolism 1, subdued magic 1, sharp
paws
a: Renounce Religion, Evoke Berserk Rage


You were on level 1 of the Abyss.
You worshipped Xom.
You were a plaything of Xom.
You were not hungry.

You visited 1 branch of the dungeon, and saw 4 of its levels.
You visited the Abyss 1 time.

You collected 228 gold pieces.

Inventory:

Armour
 n - the +2 pair of gloves of Nolihali {Str+5}
   (You found it on level 1 of the Abyss)

   It affects your strength (+5).
Jewellery
 d - an amulet of rage (around neck)
 g - an uncursed amulet of regeneration
Wands
 o - a wand of digging (12/24)
Scrolls
 h - 2 scrolls of teleportation
 l - a scroll of magic mapping
Potions
 b - a potion of agility
 e - a potion of cure mutation
 f - a potion of curing
 j - a potion of lignification {unknown}
 k - a potion of resistance
 m - a potion of cancellation
 q - a potion of brilliance
 s - a potion of flight
 t - a potion of haste
Comestibles
 a - 2 meat rations
 c - a royal jelly
 p - a slice of pizza


   Skills:
 - Level 3.0 Fighting
 + Level 4.5 Dodging
 * Level 4.5 Unarmed Combat


You had 2 spell levels left.
You didn't know any spells.

Dungeon Overview and Level Annotations

Branches:
Dungeon (4/15)
 Temple: D:4-7

Altars:
Pakellas


Innate Abilities, Weirdness & Mutations

You cannot wear armour.
You are incapable of wielding weapons or throwing items.
You have sharp claws.
You have razor-sharp teeth.
You have supernaturally acute eyesight.
You are carnivorous and can eat meat at any time.
You cover ground quickly.
You are covered in fur (AC +1).
You have a slow metabolism.
Your sharp claws are effective at attacking unaware monsters.
Your spells are a little easier to cast, but a little less powerful.


Message History

The neqoxec gestures at you.
You feel dopey. Something feeds on your intellect! The neqoxec gestures at you.
Strange energies course through your body.
Your connection to magic feels subdued.
A neqoxec comes into view.
A starcursed mass comes into view.
A starcursed mass splits.
A chorus of shrieks assaults your mind.
The neqoxec shouts!
Found 20 stones.
A starcursed mass splits.
A starcursed mass splits. "Serve the toy, my child!"
A starcursed mass splits.
A chorus of shrieks assaults your mind.
Ouch! That really hurt!
You die...
Xom thinks this is hilarious!

.......#.#X#.. .
.#..#
.(...#..#X..##..#
.###
#....#.XX##..#.
.##.
......3#X..##.#.##
.# .#..#...### .#
#### #..###.# ###
.#. #...##.#.# ##
.# #......## ..
##..@##...# ..
##5...#### ....#.#
##.#.#.# ##... #
.## . #.


You could see 4 starcursed masses, a neqoxec and a friendly white imp
(wandering).

Vanquished Creatures
  A gnoll (D:1)
  2 adders
  2 giant geckos (D:1)
  An orc (D:3)
  3 giant cockroaches
  9 goblins
  4 hobgoblins
  9 jackals
  A quokka (D:2)
  A ball python (D:2)
  8 bats
  4 giant newts
  3 kobolds
  3 rats
51 creatures vanquished.

Vanquished Creatures (others)
  2 starspawn tentacles (Abyss:1)
2 creatures vanquished.

Grand Total: 53 creatures vanquished

Notes
Turn   | Place    | Note
--------------------------------------------------------------
     0 | D:1      | Banto the Felid Chaos Knight began the quest for the Orb.
     0 | D:1      | Reached XP level 1. HP: 10/10 MP: 2/2
    32 | D:1      | XOM: divination: detect creatures
    57 | D:1      | Reached XP level 2. HP: 14/14 MP: 3/3
   275 | D:1      | XOM: smoke on damage
   391 | D:1      | XOM: divination: detect creatures
   558 | D:1      | Reached XP level 3. HP: 17/17 MP: 4/4
   667 | D:2      | Reached skill level 4 in Unarmed Combat
   926 | D:2      | XOM: mild Hex miscast
  1314 | D:2      | XOM: mild Pois miscast
  1519 | D:2      | XOM is BORED!
  1519 | D:2      | XOM: medium Necr miscast
  1520 | D:2      | Noticed a shadow
  1520 | D:2      | Noticed a shadow
  1759 | D:3      | XOM: 2-stop teleportation journey
  2006 | D:3      | Reached XP level 4. HP: 18/21 MP: 5/5
  2093 | D:3      | XOM: stat loss: -1 Str (7/8)
  2157 | D:3      | XOM: draining
  2236 | D:3      | XOM: mild Ice miscast
  2497 | D:3      | Found an oddly glowing altar of Pakellas.
  2683 | D:4      | XOM: medium Tloc miscast
  2683 | D:4      | Cast into level 1 of the Abyss (the capriciousness of Xom)
  2689 | Abyss:1  | Found a corrupted altar of Lugonu.
  2729 | Abyss:1  | Noticed a starcursed mass
  2732 | Abyss:1  | Noticed a chaos spawn
  2750 | Abyss:1  | Noticed a small abomination
  2753 | Abyss:1  | XOM: noise
  2754 | Abyss:1  | XOM: harmless Tloc miscast
  2756 | Abyss:1  | Noticed a thrashing horror
  2760 | Abyss:1  | Noticed a bog body
  2760 | Abyss:1  | a small abomination changed into a bog body
  2760 | Abyss:1  | XOM: polymorph small abomination -> bog body
  2763 | Abyss:1  | Mangled by a thrashing horror
  2764 | Abyss:1  | Reached XP level 3. HP: -8/17 MP: 4/4
  2800 | Abyss:1  | Got a pair of translucent gloves
  2801 | Abyss:1  | Identified the +2 pair of gloves of Nolihali {Str+5} (You found it on level 1 of the Abyss)
  2818 | Abyss:1  | Noticed a tentacled starspawn
  2826 | Abyss:1  | Noticed an apocalypse crab
  2826 | Abyss:1  | XOM: summons friendly crimson imp
  2844 | Abyss:1  | XOM: harmless Pois miscast
  2853 | Abyss:1  | Noticed a neqoxec
  2854 | Abyss:1  | Noticed a neqoxec
  2867 | Abyss:1  | Gained mutation: Your spells are a little easier to cast, but a little less powerful. [a neqoxec]
  2871 | Abyss:1  | Noticed a neqoxec
  2872 | Abyss:1  | Noticed a starcursed mass
  2880 | Abyss:1  | XOM: summons friendly white imp
  2881 | Abyss:1  | Killed from afar by a starcursed mass

Vault maps used:
D:1:      scummos_arrival_forest
D:3:      grunt_pakellas_mercury
D:4:      kennysheep_cross_bottleneck, nicolae_tso_carved_into_rock

Action                   |  1- 3 |  4- 6 || total
-------------------------+-------+-------++-------
Melee: Unarmed           |   111 |    25 ||   136
  Use: Scroll            |     7 |     8 ||    15
 Stab: Sleeping          |     3 |       ||     3
  Eat: Chunk             |     9 |     1 ||    10
